 Seeded DCSS version 0.29.1-15-g9cfb28693d (webtiles) character file.

Game seed: 14769000136782867973 (custom seed)

25 Gelion the Vexing (level 2, 16/16 HPs)
             Began as a Deep Elf Arcane Marksman on Apr 12, 2023.
             Quit the game on level 2 of the Dungeon.
             The game lasted 00:02:18 (1276 turns).

Gelion the Vexing (Deep Elf Arcane Marksman)        Turns: 1276, Time: 00:02:19

Health: 16/16      AC:  2    Str:  7    XL:     2   Next: 86%
Magic:  7/7        EV: 13    Int: 17    God:
Gold:   47         SH:  0    Dex: 15    Spells: 4/5 levels left

rFire   . . .      SeeInvis .   a - +1 sling
rCold   . . .      Faith    .   (no shield)
rNeg    . . .      Spirit   .   c - +0 robe
rPois   .          Reflect  .   (no helmet)
rElec   .          Harm     .   (no cloak)
rCorr   .          Rampage  .   (no gloves)
Will    .....                   (no boots)
Stlth   +.........              (no amulet)
HPRegen 0.05/turn               (no ring)
MPRegen 0.10/turn               (no ring)

@: no status effects
A: no striking features
a: no special abilities


You were on level 2 of the Dungeon.
You visited 1 branch of the dungeon, and saw 2 of its levels.

You collected 47 gold pieces.

Inventory:

Hand Weapons
 a - a +1 sling (weapon)
Armour
 c - a +0 robe (worn)
Jewellery
 h - a ring of positive energy
Scrolls
 b - a scroll of poison
 d - a scroll of butterflies {unknown}
 j - a scroll of noise {unknown}
 k - a scroll of teleportation {unknown}
 m - a scroll of identify {unknown}
 n - a scroll of immolation {unknown}
Potions
 e - a potion of degeneration {unknown}
 f - a potion of haste {unknown}
 g - 2 potions of attraction {unknown}
 i - 2 potions of lignification {unknown}
 l - a potion of mutation {unknown}


   Skills:
 + Level 1.1 Fighting
 * Level 3.4 Ranged Weapons
 + Level 2.8 Dodging
 + Level 2.0 Spellcasting
 + Level 4.2 Hexes


You had 4 spell levels left.
You knew the following spells:

 Your Spells              Type           Power      Damage    Failure   Level
a - Slow                  Hex            64%        N/A       3%          1

Your spell library contained the following spells:

 Spells                   Type           Power      Damage    Failure   Level
 Inner Flame              Hex/Fire       8%         N/A       24%         3
 Portal Projectile        Hex/Tloc       16%        N/A       24%         3
 Cause Fear               Hex            8%         N/A       32%         4


Dungeon Overview and Level Annotations

Branches:
Dungeon (2/15)

Altars:

Shops:
D:2 (


Message History

a +0 club; a kobold corpse A hobgoblin comes into view.
The hobgoblin shouts!
A hobgoblin is nearby!
You shoot a sling bullet.
The sling bullet closely misses the hobgoblin.
You shoot a sling bullet. The sling bullet hits the hobgoblin.
The hobgoblin is lightly wounded.
You shoot a sling bullet. The sling bullet hits the hobgoblin.
You kill the hobgoblin!
No target in view!
You see here a hobgoblin corpse.
You now have 47 gold pieces (gained 1).
Found a stone staircase leading down.
There is a stone staircase leading down here.
Done exploring.
Done exploring.
(D) Dungeon
Where to? (? - help)
You climb downwards.
The kobold shouts!
There is a stone staircase leading up here.
A kobold is nearby!
You shoot a sling bullet. The sling bullet hits the kobold.
The kobold is severely wounded.
You shoot a sling bullet.
The sling bullet barely misses the kobold.
The kobold closely misses you.
You shoot a sling bullet.
The sling bullet hits the kobold but does no damage.
The kobold is severely wounded.
The kobold hits you but does no damage.
You shoot a sling bullet. The sling bullet hits the kobold.
You kill the kobold!
No target in view!
Found a stone staircase leading down.
Found 2 atropa-tipped darts.
Found Goetoq's Weapon Emporium.
There is an entrance to Goetoq's Weapon Emporium here.
Are you sure you want to abandon this character and quit the game? (Confirm with "yes".)

####### . #.....# ..
#.#...# ...
###.#.### ....
#...#.# .....
#.###.#
......####.###.#
.......@...##..#
......#######.##
.....
...(....########
....
##.............# ..#
####.#####.......# #
###....### #.......#
......)<.###.......#
....####.......#####
. #...#####


There were no monsters in sight!

Vanquished Creatures
  3 endoplasms (D:1)
  A giant cockroach (D:1)
  5 goblins (D:1)
  4 hobgoblins (D:1)
  2 quokkas (D:1)
  A frilled lizard (D:1)
  3 kobolds
  3 rats (D:1)
22 creatures vanquished.

Notes
Turn   | Place    | Note
-------+----------+-------------------------------------------
     0 | D:1      | Gelion the Deep Elf Arcane Marksman began the quest for the
                  | Orb.
     0 | D:1      | Reached XP level 1. HP: 11/11 MP: 5/5
   475 | D:1      | Reached XP level 2. HP: 16/16 MP: 6/6
   476 | D:1      | Reached skill level 1 in Fighting
  1271 | D:2      | Found Goetoq's Weapon Emporium.
  1276 | D:2      | Quit the game

Illustrated notes

Levels and vault maps discovered:
D:1:      ebering_hopf_link, layout_basic, serial_park_tiny_pond
D:2:      layout_rooms, shapermc_ecumenical_altar_mp_urbaneastern, serial_shops,
          shop, chequers_mini_garden, minmay_crystal_water, nicolae_titane,
          uniq_crazy_yiuf_cottage

Skill      XL: |  1  2 |
---------------+-------+-----
Ranged Weapons | 3 |  3.4
Fighting       | 1 |  1.1
Spellcasting   | 2 |  2.0
Dodging        | |  2.8
Hexes          | |  4.2

Action                   || total
-------------------------++-------
 Fire: Sling             ||    56
 Cast: Slow              ||     3
Armor: Robe              ||     2
Dodge: Dodged            ||     4
